 Dungeon Crawl Stone Soup version 0.31-a0-702-gf82c85558f (webtiles) character file.

Game seed: 15450178636669724832

361 qw the Shooter (level 6, -4/38 HPs)
             Began as a Gargoyle Hunter on Sept 8, 2023.
             Killed from afar by an orc wizard (6 damage)
             ... with a puff of flame
             ... on level 5 of the Dungeon.
             The game lasted 00:01:31 (4112 turns).

qw the Shooter (Gargoyle Hunter)                    Turns: 4112, Time: 00:01:32

Health: -4/38      AC:  9    Str: 15    XL:     6   Next: 66%
Magic:  6/6        EV: 11    Int:  9    God:
Gold:   175        SH:  0    Dex: 15    Spells: 5/5 levels left

rFire   . . .        Y - +1 shortbow
rCold   . . .        (shield currently unavailable)
rNeg    + . .        h - +0 ring mail
rPois   inf          (no helmet)
rElec   +            (no cloak)
rCorr   .            (no gloves)
SInv    .            (no boots)
Will    .....        (no amulet) Stlth
                     (no ring)
HPRegen 0.26/turn    (no ring)
MPRegen 0.10/turn

%: no passive effects
@: confused
A: sickness immunity, AC +4, negative energy resistance 1, electricity
resistance, torment resistance 1, petrification resistance
a: no special abilities


You were on level 5 of the Dungeon.
You visited 1 branch of the dungeon, and saw 5 of its levels.

You collected 175 gold pieces.


Innate Abilities, Weirdness & Mutations

You are immune to sickness and miasma.
Your stone body is resilient. (AC +4)
You are immune to poison.
You resist negative energy. (rN+)
You are resistant to electric shocks. (rElec)
You are resistant to unholy torment.
You are immune to petrification.


   Skills:
 - Level 4.0 Fighting
 + Level 6.8 Ranged Weapons
 - Level 1.3 Armour
 - Level 1.5 Dodging
 - Level 1.1 Stealth


You had 5 spell levels left.
You didn't know any spells.
Your spell library was empty.

Inventory:

Hand Weapons
 Y - a +1 shortbow (weapon)
Armour
 h - a +0 ring mail (worn)
Scrolls
 d - a scroll of blinking {unknown}
Potions
 a - a potion of enlightenment
 b - a potion of brilliance {unknown}
 c - a potion of haste {unknown}
 e - a potion of berserk rage {unknown}
 g - a potion of might {unknown}
 i - a potion of curing {unknown}

Dungeon Overview and Level Annotations

Branches:
Dungeon (5/15)
 Temple: D:4-7

Altars:
Fedhas

Shops:
D:2 [


Message History

The scorpion stings you but does no damage.
Something hits you.
4102 ||| DRINKING potion of heal wounds.
You feel much better. The scorpion stings you.
The orc priest casts a cantrip, but nothing happens.
An orc comes into view. It is wielding a +0 mace.
Something hits you but does no damage.
The scorpion stings you but does no damage.
Something hits you but does no damage.
The scorpion stings you but does no damage.
You hear some strange, mumbled words.
You are more confused.
The scorpion stings you but does no damage.
The scorpion stings you. Something hits you. The scorpion stings you.
The orc closely misses you. Something hits you but does no damage.
The scorpion barely misses you.
The orc priest mumbles some strange prayers to Beogh against you.
Something writhes in agony.
The orc hits you with a +0 mace. Something hits you but does no damage.
The scorpion misses you. The orc closely misses you.
Something completely misses you. The scorpion stings you.
The orc hits you with a +0 mace. Something hits you but does no damage.
The scorpion closely misses you. The orc hits you but does no damage.
The scorpion stings you but does no damage.
You hear some strange, mumbled words.
A magic dart appears from out of thin air!
The magic dart hits you.
The scorpion stings you but does no damage.
The orc barely misses you.
You hear some strange, mumbled words.
A magic dart appears from out of thin air!
The magic dart hits you! The scorpion stings you. The orc closely misses you.
You hear some strange, mumbled words.
A puff of flame appears from out of thin air!
The puff of flame hits you.
You die... #... .#.... ....... oo.o.

....... ....##
........ .....#
#..>....#.### .....##
.........o..# .......
.......os##.##.....#.
........o@{o.........
.........##........#
.........####.#..###
.........# #......##
.......<.## #....#...
..........###.##....#
.....................
...................##
#................###


You could see a scorpion, 2 orc priests and an orc.

Vanquished Creatures
  A phantom (D:4)
  A hound (D:4)
  An orc priest (D:4)
  3 gnolls (D:4)
  8 adders
  A shadow imp (D:5)
  4 worms
  4 dart slugs
  10 orcs
  9 endoplasms
  A giant cockroach (D:4)
  7 goblins
  8 hobgoblins
  4 quokkas
  9 ball pythons
  4 bats
  3 frilled lizards
  9 kobolds
  5 rats
92 creatures vanquished.

Notes
Turn   | Place    | Note
-------+----------+-------------------------------------------
     0 | D:1      | qw the Gargoyle Hunter began the quest for the Orb.
     0 | D:1      | Reached XP level 1. HP: 12/12 MP: 1/1
     0 | D:1      | 0 ||| qw: Version: 0.3-a-76-g4403597
     0 | D:1      | 0 ||| qw: Game counter: 1237
     0 | D:1      | 0 ||| qw: Melee chars always use a shield: true
     0 | D:1      | 0 ||| qw: God list: Okawaru
     0 | D:1      | 0 ||| qw: Allow faded altars: false
     0 | D:1      | 0 ||| qw: Do Orc after clearing Dungeon:15 true
     0 | D:1      | 0 ||| qw: Do second Lair branch before Depths: true
     0 | D:1      | 0 ||| qw: Lair rune preference: random
     0 | D:1      | 0 ||| qw: Goals: Normal
     0 | D:1      | 0 ||| PLANNING D:1-11
   314 | D:1      | Reached XP level 2. HP: 17/17 MP: 2/2
   775 | D:1      | 775 ||| READING scroll labelled DIBOJO OSMYM.
   776 | D:1      | 776 ||| DROPPING scroll of butterflies.
   853 | D:2      | Reached skill level 5 in Ranged Weapons
   853 | D:2      | Reached XP level 3. HP: 14/21 MP: 3/3
   861 | D:2      | 861 ||| FLEEEEING.
   869 | D:2      | 869 ||| STAIRDANCE
   936 | D:2      | Found a blossoming altar of Fedhas.
   950 | D:2      | 950 ||| FLEEEEING.
   951 | D:2      | 951 ||| FLEEEEING.
  1060 | D:2      | Reached skill level 3 in Fighting
  1236 | D:2      | Reached XP level 4. HP: 28/28 MP: 4/4
  1572 | D:2      | Found Wasuh's Antique Armour Shop.
  1576 | D:2      | 1576 ||| SHOPLISTING ancient helmet (256 gold, have 103).
  1576 | D:2      | 1576 ||| SHOPLISTING glowing ring mail (189 gold, have
                  | 103).
  1576 | D:2      | 1576 ||| SHOPLISTING pair of boots (121 gold, have 103).
  1576 | D:2      | 1576 ||| SHOPLISTING runed leather armour (135 gold, have
                  | 103).
  1576 | D:2      | 1576 ||| SHOPLISTING steam dragon scales (1080 gold, have
                  | 103).
  1833 | D:2      | 1833 ||| UPGRADING to +0 ring mail.
  1843 | D:2      | 1843 ||| DROPPING +0 leather armour.
  1844 | D:2      | 1844 ||| READING scroll labelled WEMA WOEPSETAACUMO.
  1845 | D:2      | 1845 ||| DRINKING 3 sapphire potions.
  1894 | D:3      | 1894 ||| FLEEEEING.
  1895 | D:3      | 1895 ||| FLEEEEING.
  1896 | D:3      | 1896 ||| FLEEEEING.
  1897 | D:3      | 1897 ||| FLEEEEING.
  1899 | D:3      | 1899 ||| FLEEEEING.
  1900 | D:3      | 1900 ||| FLEEEEING.
  2022 | D:3      | Reached skill level 1 in Armour
  2218 | D:3      | Reached XP level 5. HP: 32/32 MP: 5/5
  2281 | D:3      | Identified the +4 dagger "Wirhos" {vamp, MP+9 Int+8 Stlth+}
  2673 | D:3      | 2673 ||| READING scroll labelled MUFUID HIRO.
  2774 | D:3      | 2774 ||| READING scroll labelled BOUTSAUWKIM.
  2775 | D:3      | 2775 ||| READING scroll labelled REDOCO METI.
  2776 | D:3      | 2776 ||| READING scroll labelled VEYKKE FAXZUWUC.
  2777 | D:3      | 2777 ||| DRINKING 2 inky potions.
  2897 | D:4      | Reached skill level 6 in Ranged Weapons
  2941 | D:4      | 2941 ||| FLEEEEING.
  2942 | D:4      | 2942 ||| FLEEEEING.
  2943 | D:4      | 2943 ||| FLEEEEING.
  2944 | D:4      | 2944 ||| FLEEEEING.
  2953 | D:4      | 2953 ||| STAIRDANCE
  2977 | D:3      | 2977 ||| READING scroll labelled GODAUFIONURY.
  3053 | D:4      | 3053 ||| RETREATING.
  3240 | D:4      | Reached XP level 6. HP: 35/38 MP: 6/6
  3396 | D:4      | 3396 ||| FLEEEEING.
  3397 | D:4      | 3397 ||| FLEEEEING.
  3941 | D:4      | 3941 ||| READING scroll labelled WASUDY HERCHELIE.
  4007 | D:5      | Entered Level 5 of the Dungeon
  4008 | D:5      | 4008 ||| PLANNING OSSUARY
  4025 | D:5      | 4025 ||| STAIRDANCE
  4062 | D:5      | 4062 ||| Stepping ~*~*~tactically~*~*~ (outnumbered).
  4070 | D:5      | 4070 ||| Stepping ~*~*~tactically~*~*~ (retreating).
  4075 | D:5      | 4075 ||| Stepping ~*~*~tactically~*~*~ (retreating).
  4090 | D:5      | HP: 4/38 [something/puff of flame (9)]
  4091 | D:5      | 4091 ||| DRINKING 2 potions of heal wounds.
  4101 | D:5      | HP: 9/38 [something (1)]
  4102 | D:5      | 4102 ||| DRINKING potion of heal wounds.
  4111 | D:5      | HP: 6/38 [something/magic dart (7)]
  4112 | D:5      | HP: 2/38 [scorpion (4)]
  4112 | D:5      | Killed from afar by an orc wizard

Levels and vault maps discovered:
D:1:      minmay_arrival_doors, layout_loops_corners
D:2:      layout_basic, basic_altar, serial_shops, nicolae_shop_trees
D:3:      layout_loops_ring, minmay_tree_intersection
D:4:      layout_basic, minmay_pentomino_pile
D:5:      layout_rooms, nicolae_ossuary_entry_monument, dk_noncrumbling_4,
          sigmund_edmund_badplayer, uniq_prince_ribbit1

Skill      XL: |  1  2  3  4  5 |
---------------+----------------+-----
Ranged Weapons | 5 6 |  6.8
Fighting       | 3 4 |  4.0
Armour         | 1 |  1.3
Dodging        | |  1.5
Stealth        | |  1.1

Action                     |  1- 3 |  4- 6 || total
---------------------------+-------+-------++-------
   Fire: Shortbow          |    99 |   236 ||   335
    Use: Scroll            |     1 |     7 ||     8
         Potion            |       |     4 ||     4
 Armour: Leather armour    |    24 |     5 ||    29
         Ring mail         |       |   130 ||   130
  Dodge: Dodged            |    13 |   103 ||   116

Table legend:
 A = Non-vault XP
 B = Vault XP
 C = Vault XP percentage of total XP
 D = Non-vault monster count
 E = Vault monster count
 F = Vault count percentage of total count
                 A         B        C        D         E       F
            +---------+---------+-------+---------+---------+-------
      Total |     398 |     118 |  22.9 |      88 |       4 |   4.3
            +---------+---------+-------+---------+---------+-------
        D:1 |      25 |       0 |   0.0 |      16 |       0 |   0.0
        D:2 |      86 |       0 |   0.0 |      24 |       0 |   0.0
        D:3 |      94 |       0 |   0.0 |      27 |       0 |   0.0
        D:4 |     169 |     118 |  41.1 |      19 |       4 |  17.4
        D:5 |      24 |       0 |   0.0 |       2 |       0 |   0.0
            +---------+---------+-------+---------+---------+-------
